 Dungeon Crawl Stone Soup version 0.23.2-30-g0e89c35649 (webtiles) character file.

Game seed: 1803527888619062332

1458 funkygono the Magician (level 8, -1/55 HPs)
             Began as a Demonspawn Conjurer on June 20, 2019.
             Was an Initiate of Vehumet.
             Slain by a hippogriff (5 damage)
             ... on level 7 of the Dungeon.
             The game lasted 00:25:19 (7961 turns).

funkygono the Magician (Demonspawn Conjurer)        Turns: 7961, Time: 00:25:20

Health: -1/55      AC: 11    Str: 14    XL:     8   Next: 47%
Magic:  0/18       EV: 11    Int: 18    God:    Vehumet [......]
Gold:   433        SH:  0    Dex: 14    Spells: 14/21 levels left

rFire    . . .     SeeInvis .   q - +1 morningstar
rCold    + . .     Gourm    .   (no shield)
rNeg     . . .     Faith    .   o - +2 ring mail {rF+}
rPois    .         Spirit   +   (no helmet)
rElec    .         Reflect  .   B - +0 cloak
rCorr    .         Harm     .   (no gloves)
MR       .....                  y - +1 pair of boots
Stlth    ++........             m - amulet of guardian spirit
HPRegen  0.18/turn              j - ring of ice
MPRegen  0.16/turn              x - ring of stealth

@: mighty, very slightly contaminated
A: talons 2, rugged brown scales 1, powered by death 1
a: Renounce Religion


You were on level 7 of the Dungeon.
You worshipped Vehumet.
Vehumet was noncommittal.
You were not hungry.

You visited 2 branches of the dungeon, and saw 8 of its levels.
You also visited: Sewer.

You collected 433 gold pieces.

Inventory:

Hand Weapons
 f - a +1 spear of pain
 q - a +1 morningstar (weapon)
Missiles
 i - 201 stones (quivered)
Armour
 a - a +0 robe
 b - a +0 shield
 e - a +1 leather armour of poison resistance
 l - a +1 leather armour
 o - a +2 ring mail of fire resistance (worn)
 y - a +1 pair of boots (worn)
 B - a +0 cloak (worn)
Magical Staves
 D - an uncursed staff of cold
Jewellery
 j - a ring of ice (left hand)
 m - an amulet of guardian spirit (around neck)
 x - a ring of stealth (right hand)
Wands
 d - a wand of polymorph (15)
 s - a wand of random effects (27)
 w - a wand of acid (6)
Scrolls
 h - 2 scrolls of fog
 r - 2 scrolls of amnesia
 u - 3 scrolls of remove curse
 v - a scroll of blinking
 E - a scroll of teleportation
Potions
 g - 2 potions of agility
 k - a potion of might
 n - 4 potions of curing
 p - a potion of cancellation
 t - 3 potions of brilliance
 z - 3 potions of mutation {unknown}
 C - 3 potions of flight {unknown}
Comestibles
 c - 10 rations


   Skills:
 + Level 1.1 Fighting
 + Level 1.4 Maces & Flails
 + Level 2.6 Armour
 + Level 2.7 Dodging
 + Level 2.5 Stealth
 + Level 2.2 Shields
 * Level 7.2 Spellcasting
 + Level 5.8 Conjurations
 + Level 1.1 Necromancy


You had 14 spell levels left.
You knew the following spells:

 Your Spells              Type           Power        Failure   Level  Hunger
a - Magic Dart            Conj           ####         1%          1    None
b - Searing Ray           Conj           ####..       3%          2    None
c - Dazzling Spray        Conj/Hex       ###...       19%         3    ##.....
d - Animate Skeleton      Necr           N/A          13%         1    None

Your spell library contained the following spells:

 Spells                   Type           Power        Failure   Level  Hunger
 Pain                     Necr           ##..         13%         1    None
 Iskenderun's Mystic Bla  Conj           ####....     19%         4    ####...
 Vampiric Draining        Necr           ##........   36%         3    ##.....
 Regeneration             Chrm/Necr      #.........   45%         3    ##.....
 Force Lance              Conj/Tloc      ###.....     54%         4    ####...
 Fulminant Prism          Conj/Hex       ###.......   54%         4    ####...
 Animate Dead             Necr           N/A          78%         4    ####...


Dungeon Overview and Level Annotations

Branches:
Dungeon (7/15)             Temple (1/1) D:6

Altars:
Ashenzari
Cheibriados
Dithmenos
Elyvilon
Fedhas
Hepliaklqana
Kikubaaqudgha
Makhleb
Nemelex Xobeh
Qazlal
Ru
Sif Muna
Uskayaw
Vehumet
Wu Jian
Xom
Yredelemnul
Zin

Annotations:
D:3 2 transporters


Innate Abilities, Weirdness & Mutations

You have razor-sharp toenails.
You are partially covered in rugged brown scales. (AC +1, +3% HP)
You regenerate a little health from kills.


Message History

The hippogriff closely misses you.
The hippogriff claws you but does no damage.
You puncture the hippogriff!
The hippogriff is heavily wounded.
The hippogriff barely misses you. The hippogriff pecks you.
* * * LOW HITPOINT WARNING * * *
The hippogriff claws you.
* * * LOW HITPOINT WARNING * * *
You hit the hippogriff.
The hippogriff is severely wounded.
The hippogriff bites you.
* * * LOW HITPOINT WARNING * * *
The hippogriff pecks you.
* * * LOW HITPOINT WARNING * * *
The hippogriff claws you but does no damage.
The hippogriff bites you but does no damage.
The hippogriff pecks you.
* * * LOW HITPOINT WARNING * * *
The hippogriff claws you.
You die...

....>...........#
.............##.#####
.............#.#.).#
..................#
#..............#..#
##.............####
#...............#
#....##......###
#@....#.....##
.......H##.....#..#
........##.....#.##
...#<....#....####
.......####..##
....#. #.## ....###
### ....


You could see a hippogriff.

Vanquished Creatures
  Grinder (D:5)
  Sigmund (D:6)
  2 ice beasts
  A centaur (D:6)
  Blork the orc (D:4)
  A bullfrog (Sewer)
  A scorpion (D:4)
  2 crimson imps
  A centaur skeleton (D:4)
  5 orc priests
  Jessica (D:2)
  Terence (D:2)
  Ijyb (D:3)
  An orc wizard (D:6)
  3 worker ants (D:6)
  A hound skeleton (D:4)
  10 adders
  3 shadow imps
  2 oozes
  2 worms
  A dart slug (D:4)
  4 leopard geckos
  19 orcs
  10 giant cockroaches
  7 goblins
  7 hobgoblins
  2 quokkas (D:6)
  4 ball pythons
  7 bats (D:2)
  11 frilled lizards
  8 kobolds
  A quokka skeleton (D:4)
  8 rats
130 creatures vanquished.

Vanquished Creatures (collateral kills)
  A bullfrog (Sewer)
  A leopard gecko (Sewer)
  A giant cockroach (Sewer)
3 creatures vanquished.

Grand Total: 133 creatures vanquished

Notes
Turn   | Place    | Note
-------+----------+-------------------------------------------
     0 | D:1      | funkygono the Demonspawn Conjurer began the quest for the
                  | Orb.
     0 | D:1      | Reached XP level 1. HP: 13/13 MP: 3/3
   617 | D:1      | Gained mutation: You are partially covered in rugged brown
                  | scales. (AC +1, +3% HP) [demonic ancestry]
   617 | D:1      | Reached XP level 2. HP: 13/19 MP: 0/5
   621 | D:1      | Learned a level 2 spell: Searing Ray
   997 | D:2      | Noticed a crimson imp
  1454 | D:2      | Found a basalt altar of Yredelemnul.
  1454 | D:2      | Found a shimmering altar of Xom.
  1602 | D:2      | Gained mutation: You regenerate a little health from kills.
                  | [demonic ancestry]
  1602 | D:2      | Reached XP level 3. HP: 24/24 MP: 1/6
  1915 | D:2      | Found an ornate altar of the Wu Jian Council.
  1947 | D:2      | Noticed Jessica
  1954 | D:2      | Noticed Terence
  1959 | D:2      | Killed Jessica
  2052 | D:2      | Gained mutation: You have sharp toenails. [demonic
                  | ancestry]
  2052 | D:2      | Reached XP level 4. HP: 30/30 MP: 2/8
  2053 | D:2      | Found a shadowy altar of Dithmenos.
  2152 | D:2      | Reached skill level 1 in Shields
  2152 | D:2      | Reached skill level 3 in Spellcasting
  2314 | D:2      | Killed Terence
  2314 | D:2      | Reached skill level 1 in Armour
  2523 | D:2      | Found a faded altar of an unknown god.
  2553 | D:2      | Reached XP level 5. HP: 36/36 MP: 6/9
  2566 | D:2      | Learned a level 3 spell: Dazzling Spray
  3434 | D:3      | Found a transporter.
  3435 | D:3      | Noticed a yak
  3436 | D:3      | Found a snail-covered altar of Cheibriados.
  3436 | D:3      | Found a transporter.
  3480 | D:3      | Reached skill level 5 in Conjurations
  3693 | D:3      | Noticed Ijyb
  3701 | D:3      | Killed Ijyb
  3701 | D:3      | Reached XP level 6. HP: 37/43 MP: 1/11
  4151 | D:4      | Noticed Blork the orc
  4178 | D:4      | Killed Blork the orc
  4178 | D:4      | Reached skill level 4 in Spellcasting
  5347 | D:5      | Entered Level 5 of the Dungeon
  5450 | D:5      | Learned a level 1 spell: Animate Skeleton
  5610 | D:5      | Noticed Grinder
  5626 | D:5      | Killed Grinder
  5626 | D:5      | Reached skill level 5 in Spellcasting
  5626 | D:5      | Reached XP level 7. HP: 46/48 MP: 1/14
  5784 | D:5      | Reached skill level 1 in Maces & Flails
  6326 | D:6      | Found a glowing drain.
  6348 | Sewer    | Entered a sewer
  6598 | Sewer    | Reached skill level 1 in Fighting
  6945 | D:6      | Reached skill level 6 in Spellcasting
  7069 | D:6      | Gained mutation: You have razor-sharp toenails. [demonic
                  | ancestry]
  7069 | D:6      | Reached XP level 8. HP: 48/55 MP: 6/17
  7260 | D:6      | Found a staircase to the Ecumenical Temple.
  7265 | Temple   | Entered the Ecumenical Temple
  7308 | Temple   | Became a worshipper of Vehumet
  7345 | D:6      | Noticed Sigmund
  7359 | D:6      | Killed Sigmund
  7359 | D:6      | Reached skill level 1 in Necromancy
  7534 | D:6      | Reached skill level 7 in Spellcasting
  7943 | D:7      | Noticed a hippogriff
  7961 | D:7      | Slain by a hippogriff

Skill      XL: |  1  2  3  4  5  6  7  8 |
---------------+-------------------------+-----
Stealth        | 2 |  2.5
Dodging        | 2 |  2.7
Shields        | 1 2 |  2.2
Spellcasting   | 3 5 6 7 |  7.2
Armour         | 1 2 |  2.6
Conjurations   | 5 |  5.8
Maces & Flails | 1 |  1.4
Fighting       | 1 |  1.1
Necromancy     | 1 |  1.1

Action                   |  1- 3 |  4- 6 |  7- 9 || total
-------------------------+-------+-------+-------++-------
Melee: Club              |    27 |    67 |       ||    94
       Kick              |       |    12 |     6 ||    18
       Morningstar       |       |       |    27 ||    27
 Cast: Magic Dart        |    81 |   126 |    90 ||   297
       Searing Ray       |     1 |    13 |    14 ||    28
       Dazzling Spray    |       |     1 |     4 ||     5
       Animate Skeleton  |       |       |    15 ||    15
  Use: Scroll            |     2 |    14 |     3 ||    19
       Potion            |       |     2 |     2 ||     4
 Stab: Invisible         |       |       |     1 ||     1
  Eat: Chunk             |     5 |    11 |     8 ||    24
Armor: Robe              |     7 |    16 |       ||    23
       Skin              |       |     7 |       ||     7
       Leather armour    |       |     4 |    17 ||    21
       Ring mail         |       |       |    22 ||    22
Dodge: Dodged            |    24 |    58 |    68 ||   150
